| TOP OF THE 1ST |
|
Kane County Cougars batting - Pitching for Fort Wayne TinCaps : LHP Jon Zaragoza
|
|
Pitching: LHP Jon Zaragoza
|
|
|
Batting: LHB J.P. Olson
|
0-0: Ball 1-0: Ball 2-0: Fly out, F9 (Flyball, 9, EV 88.8 MPH)
|
|
Batting: RHB Chad Mendoza
|
0-0: Ball 1-0: Ball 2-0: Called Strike 2-1: Foul Ball, location: 2F 2-2: Fly out, F8 (Flyball, 78XD, EV 100.6 MPH)
|
|
Batting: RHB Mike Smith
|
0-0: Ball 1-0: Foul Ball, location: 2F 1-1: Ball 2-1: Called Strike 2-2: Ball 3-2: Fly out, F8 (Line Drive, 8RD, EV 87.5 MPH)
|
| Top of the 1st over - 0 runs, 0 hits, 0 errors, 0 left on base; Kane County 0 - Fort Wayne 0 |
| BOTTOM OF THE 1ST |
|
Fort Wayne TinCaps batting - Pitching for Kane County Cougars : RHP Jason Maki
|
|
Pitching: RHP Jason Maki
|
|
|
Batting: RHB Cesar Ortega
|
0-0: Called Strike 0-1: Swinging Strike 0-2: Strikes out swinging
|
|
Batting: RHB Paul Wood
|
0-0: Ball 1-0: Called Strike 1-1: Ground out 6-3 (Groundball, 6MD, EV 88.8 MPH)
|
|
Batting: RHB Danny Krug
|
0-0: Ball 1-0: Called Strike 1-1: Swinging Strike 1-2: Strikes out swinging
|
| Bottom of the 1st over - 0 runs, 0 hits, 0 errors, 0 left on base; Kane County 0 - Fort Wayne 0 |
| TOP OF THE 2ND |
|
Kane County Cougars batting - Pitching for Fort Wayne TinCaps : LHP Jon Zaragoza
|
|
Batting: RHB Dustin Legault
|
0-0: Ball 1-0: Ball 2-0: Ball 3-0: Called Strike 3-1: Called Strike 3-2: Ground out 5-3 (Groundball, 56, EV 88.8 MPH)
|
|
Batting: RHB Daniel Rivera
|
0-0: SINGLE (Line Drive, 78M, EV 87.5 MPH)
|
|
Batting: RHB Cesar Rendon
|
0-0: Ball Daniel Rivera is caught stealing 2nd base 2-4 1-0: Foul Ball, location: 2F 1-1: Foul Ball, location: 2F 1-2: SINGLE (Flyball, 56D, EV 87.5 MPH)
|
|
Batting: RHB Jeremy Adams
|
0-0: Called Strike 0-1: Fly out, F8 (Flyball, 8LD, EV 101.9 MPH)
|
| Top of the 2nd over - 0 runs, 2 hits, 0 errors, 1 left on base; Kane County 0 - Fort Wayne 0 |
| BOTTOM OF THE 2ND |
|
Fort Wayne TinCaps batting - Pitching for Kane County Cougars : RHP Jason Maki
|
|
Batting: RHB Gary Horgan
|
0-0: Ball 1-0: Foul Ball, location: 2F 1-1: Foul Ball, location: 2F 1-2: Strikes out swinging
|
|
Batting: RHB Ben Welt
|
0-0: Swinging Strike 0-1: Ball 1-1: Ball 2-1: Foul Ball, location: 2F 2-2: Ball 3-2: Fly out, F8 (Flyball, 8RD, EV 100.0 MPH)
|
|
Batting: LHB Dean Luttman
|
0-0: Ground out 4-3 (Groundball, 4, EV 85.6 MPH)
|
| Bottom of the 2nd over - 0 runs, 0 hits, 0 errors, 0 left on base; Kane County 0 - Fort Wayne 0 |
| TOP OF THE 3RD |
|
Kane County Cougars batting - Pitching for Fort Wayne TinCaps : LHP Jon Zaragoza
|
|
Batting: RHB John Ricketts
|
0-0: SINGLE (Groundball, 5S, EV 72.5 MPH) (infield hit)
|
|
Batting: LHB Jeff Trapp
|
0-0: Fly out, F7 (Flyball, 7D, EV 104.4 MPH)
|
|
Batting: LHB J.P. Olson
|
0-0: Ball 1-0: Called Strike 1-1: Foul Ball, location: 2F 1-2: Fielders Choice at 2nd, 5-6 (Groundball, 56, EV 91.2 MPH)
|
|
Batting: RHB Chad Mendoza
|
0-0: Foul Ball, location: 2F 0-1: Ball 1-1: Swinging Strike 1-2: Ball J.P. Olson is caught stealing 2nd base 2-4
|
| Top of the 3rd over - 0 runs, 1 hit, 0 errors, 0 left on base; Kane County 0 - Fort Wayne 0 |
| BOTTOM OF THE 3RD |
|
Fort Wayne TinCaps batting - Pitching for Kane County Cougars : RHP Jason Maki
|
|
Batting: RHB Bill Vives
|
0-0: Ball 1-0: Ball 2-0: SINGLE (Groundball, 34D, EV 95.0 MPH)
|
|
Batting: LHB Tony Contreras
|
0-0: Ball 1-0: Ball 2-0: Foul Ball, location: 2F 2-1: Fielders Choice at 2nd, 4-6 (Groundball, 34, EV 100.6 MPH)
|
|
Batting: RHB Slamet Pamungkas
|
0-0: Ball 1-0: Ball 2-0: Ball 3-0: Called Strike 3-1: Base on Balls Tony Contreras to second
|
|
Batting: RHB Cesar Ortega
|
0-0: Ball 1-0: Foul Ball, location: 2F 1-1: Ball 2-1: Called Strike 2-2: Ball 3-2: Foul Ball, location: 2F 3-2: Reached on error, E6 (Groundball, 6, EV 102.5 MPH) Tony Contreras to third Slamet Pamungkas to second
|
|
Batting: RHB Paul Wood
|
0-0: Ball 1-0: Called Strike 1-1: Swinging Strike 1-2: Strikes out swinging
|
|
Batting: RHB Danny Krug
|
0-0: Ball 1-0: Ball 2-0: Called Strike 2-1: GRAND SLAM HOME RUN (Flyball, 7D, EV 96.9 MPH), Distance : 382 ft
|
|
Batting: RHB Gary Horgan
|
0-0: Hit by Pitch, AND HE CHARGES THE MOUND! The benches clear!
|
|
Pitching: RHP Willie Lasso
|
|
|
Pinch Runner at 1st Dave Cordero:
|
|
|
Batting: RHB Ben Welt
|
0-0: Called Strike 0-1: Called Strike 0-2: Ball 1-2: Ball 2-2: Strikes out swinging
|
| Bottom of the 3rd over - 4 runs, 2 hits, 1 error, 1 left on base; Kane County 0 - Fort Wayne 4 |
| TOP OF THE 4TH |
|
Kane County Cougars batting - Pitching for Fort Wayne TinCaps : LHP Jon Zaragoza
|
|
Now at 3B: Steve Clark
|
|
|
Batting: RHB Chad Mendoza
|
0-0: Foul Ball, location: 2F 0-1: SINGLE (Groundball, 6, EV 113.8 MPH)
|
|
Batting: RHB Mike Smith
|
0-0: Foul Ball, location: 2F 0-1: Fly out, F9 (Flyball, 9S, EV 80.0 MPH)
|
|
Batting: RHB Dustin Legault
|
0-0: Ball 1-0: SINGLE (Groundball, 6MD, EV 95.0 MPH) Chad Mendoza to second
|
|
Batting: RHB Daniel Rivera
|
0-0: Ball 1-0: Ball 2-0: Fly out, F7 (Flyball, 7, EV 87.5 MPH)
|
|
Batting: RHB Cesar Rendon
|
0-0: Ball 1-0: Fly out, F7 (Flyball, 78D, EV 104.4 MPH)
|
| Top of the 4th over - 0 runs, 2 hits, 0 errors, 2 left on base; Kane County 0 - Fort Wayne 4 |
| BOTTOM OF THE 4TH |
|
Fort Wayne TinCaps batting - Pitching for Kane County Cougars : RHP Willie Lasso
|
|
Batting: LHB Dean Luttman
|
0-0: Ground out 4-3 (Groundball, 4, EV 82.5 MPH)
|
|
Batting: RHB Bill Vives
|
0-0: Called Strike 0-1: Swinging Strike 0-2: Ball 1-2: Ground out 6-3 (Groundball, 6MD, EV 83.1 MPH)
|
|
Batting: LHB Tony Contreras
|
0-0: Ball 1-0: Foul Ball, location: 2F 1-1: Foul Ball, location: 2F 1-2: Strikes out swinging, 2-3 out at first.
|
| Bottom of the 4th over - 0 runs, 0 hits, 0 errors, 0 left on base; Kane County 0 - Fort Wayne 4 |
| TOP OF THE 5TH |
|
Kane County Cougars batting - Pitching for Fort Wayne TinCaps : LHP Jon Zaragoza
|
|
Batting: RHB Jeremy Adams
|
0-0: Ball 1-0: Swinging Strike 1-1: Fly out, F9 (Flyball, 9, EV 78.8 MPH)
|
|
Batting: RHB John Ricketts
|
0-0: Ground out 5-3 (Groundball, 5, EV 81.9 MPH)
|
|
Batting: LHB Jeff Trapp
|
0-0: SINGLE (Groundball, 25, EV 69.4 MPH) (infield hit)
|
|
Batting: LHB J.P. Olson
|
0-0: Ball 1-0: Called Strike 1-1: Called Strike Jeff Trapp steals 2nd base 1-2: Ball Wild Pitch! Jeff Trapp to third 2-2: Ground out 5-3 (Groundball, 56S, EV 81.9 MPH)
|
| Top of the 5th over - 0 runs, 1 hit, 0 errors, 1 left on base; Kane County 0 - Fort Wayne 4 |
| BOTTOM OF THE 5TH |
|
Fort Wayne TinCaps batting - Pitching for Kane County Cougars : RHP Willie Lasso
|
|
Batting: RHB Slamet Pamungkas
|
0-0: Ball 1-0: Ball 2-0: Foul Ball, location: 2F 2-1: Foul Ball, location: 2F 2-2: Ball 3-2: Foul Ball, location: 2F 3-2: Ground out 4-3 (Groundball, 4MD, EV 81.2 MPH)
|
|
Batting: RHB Cesar Ortega
|
0-0: Called Strike 0-1: Foul Ball, location: 2F 0-2: Ball 1-2: Ball 2-2: Ground out 6-3 (Groundball, 6, EV 87.5 MPH)
|
|
Batting: RHB Paul Wood
|
0-0: Foul Ball, location: 2F 0-1: Ball 1-1: Foul Ball, location: 2F 1-2: Ball 2-2: Ground out 4-3 (Groundball, 4, EV 106.9 MPH)
|
| Bottom of the 5th over - 0 runs, 0 hits, 0 errors, 0 left on base; Kane County 0 - Fort Wayne 4 |
| TOP OF THE 6TH |
|
Kane County Cougars batting - Pitching for Fort Wayne TinCaps : LHP Jon Zaragoza
|
|
Batting: RHB Chad Mendoza
|
0-0: Ball 1-0: Ball 2-0: Foul Ball, location: 2F 2-1: Swinging Strike 2-2: Ball 3-2: DOUBLE (Flyball, 8LXD, EV 108.8 MPH)
|
|
Batting: RHB Mike Smith
|
0-0: Ball 1-0: Ball 2-0: Ball 3-0: Called Strike 3-1: Base on Balls
|
|
Batting: RHB Dustin Legault
|
0-0: Foul Ball, location: 2F 0-1: Swinging Strike 0-2: Ball 1-2: Ball 2-2: Foul Ball, location: 2F 2-2: Ball 3-2: Foul Ball, location: 2F 3-2: Strikes out swinging
|
|
Batting: RHB Daniel Rivera
|
0-0: Foul Ball, location: 2F 0-1: Ball 1-1: Called Strike 1-2: Fielders Choice at 3rd, U5 (Groundball, 5L, EV 91.2 MPH) Mike Smith to second
|
|
Batting: RHB Cesar Rendon
|
0-0: Foul Ball, location: 2F 0-1: Foul Ball, location: 2F 0-2: Foul Ball, location: 2F 0-2: Ball 1-2: Ground out 3-1 (Groundball, 34, EV 83.8 MPH)
|
| Top of the 6th over - 0 runs, 1 hit, 0 errors, 2 left on base; Kane County 0 - Fort Wayne 4 |
| BOTTOM OF THE 6TH |
|
Fort Wayne TinCaps batting - Pitching for Kane County Cougars : RHP Willie Lasso
|
|
Batting: RHB Danny Krug
|
0-0: Called Strike 0-1: Fly out, F7 (Line Drive, 78M, EV 99.4 MPH)
|
|
Batting: RHB Steve Clark
|
0-0: Called Strike 0-1: Swinging Strike 0-2: Ball 1-2: Ground out U3 (Groundball, 34, EV 83.1 MPH)
|
|
Batting: RHB Ben Welt
|
0-0: Called Strike 0-1: Ball 1-1: Called Strike 1-2: Ball 2-2: Foul Ball, location: 2F 2-2: Strikes out swinging
|
| Bottom of the 6th over - 0 runs, 0 hits, 0 errors, 0 left on base; Kane County 0 - Fort Wayne 4 |
| TOP OF THE 7TH |
|
Kane County Cougars batting - Pitching for Fort Wayne TinCaps : LHP Jon Zaragoza
|
|
Batting: RHB Jeremy Adams
|
0-0: Called Strike 0-1: Swinging Strike 0-2: Strikes out looking
|
|
Batting: RHB John Ricketts
|
0-0: Ball 1-0: Foul Ball, location: 2F 1-1: Ball 2-1: Called Strike 2-2: Foul Ball, location: 2F 2-2: Foul Ball, location: 2F 2-2: Foul Ball, location: 2F 2-2: Ball 3-2: Ground out 5-3 (Groundball, 5, EV 80.6 MPH)
|
|
Batting: LHB Jeff Trapp
|
0-0: Foul Ball, location: 2F 0-1: Foul Ball, location: 2F 0-2: Ball 1-2: Ground out 4-3 (Groundball, 13, EV 81.2 MPH)
|
| Top of the 7th over - 0 runs, 0 hits, 0 errors, 0 left on base; Kane County 0 - Fort Wayne 4 |
| BOTTOM OF THE 7TH |
|
Fort Wayne TinCaps batting - Pitching for Kane County Cougars : RHP Willie Lasso
|
|
Pitching: LHP Sean Zech
|
|
|
Batting: LHB Dean Luttman
|
0-0: Called Strike 0-1: Called Strike 0-2: Strikes out looking
|
|
Batting: RHB Bill Vives
|
0-0: Called Strike 0-1: Ball 1-1: Swinging Strike 1-2: Foul Ball, location: 2F 1-2: Foul Ball, location: 2F 1-2: Strikes out swinging
|
|
Batting: LHB Tony Contreras
|
0-0: Hit by Pitch
|
|
Batting: RHB Slamet Pamungkas
|
0-0: Called Strike 0-1: Called Strike 0-2: Foul Ball, location: 2F 0-2: Ball Tony Contreras is caught stealing 2nd base 2-4
|
| Bottom of the 7th over - 0 runs, 0 hits, 0 errors, 0 left on base; Kane County 0 - Fort Wayne 4 |
| TOP OF THE 8TH |
|
Kane County Cougars batting - Pitching for Fort Wayne TinCaps : LHP Jon Zaragoza
|
|
Pitching: RHP Wayne Kerrick
|
|
|
Batting: LHB J.P. Olson
|
0-0: Called Strike 0-1: Ball 1-1: Ball 2-1: Foul Ball, location: 2F 2-2: Foul Ball, location: 2F 2-2: Fly out, F8 (Flyball, 8RD, EV 103.1 MPH)
|
|
Batting: RHB Chad Mendoza
|
0-0: SINGLE (Flyball, 78S, EV 87.5 MPH)
|
|
Batting: RHB Mike Smith
|
0-0: Ball 1-0: Fielders Choice at 2nd, 4-6 (Groundball, 4D, EV 103.8 MPH)
|
|
Batting: RHB Dustin Legault
|
0-0: Ball 1-0: Foul Ball, location: 2F 1-1: Foul Ball, location: 2F 1-2: Strikes out looking
|
| Top of the 8th over - 0 runs, 1 hit, 0 errors, 1 left on base; Kane County 0 - Fort Wayne 4 |
| BOTTOM OF THE 8TH |
|
Fort Wayne TinCaps batting - Pitching for Kane County Cougars : LHP Sean Zech
|
|
Batting: RHB Slamet Pamungkas
|
0-0: Ball 1-0: Fly out, F3 (Line Drive, 3L, EV 66.2 MPH)
|
|
Batting: RHB Cesar Ortega
|
0-0: Foul Ball, location: 2F 0-1: Ball 1-1: Ball 2-1: SINGLE (Groundball, 56D, EV 97.5 MPH)
|
|
Batting: RHB Paul Wood
|
0-0: Swinging Strike 0-1: Ball 1-1: Ball 2-1: Called Strike 2-2: Fielders Choice at 2nd, 1-4 (Groundball, 15S, EV 58.8 MPH)
|
|
Batting: RHB Danny Krug
|
0-0: Ball Wild Pitch! Paul Wood to second 1-0: Ball 2-0: Swinging Strike Passed Ball! Paul Wood to third 2-1: Foul Ball, location: 2F 2-2: Strikes out swinging
|
| Bottom of the 8th over - 0 runs, 1 hit, 0 errors, 1 left on base; Kane County 0 - Fort Wayne 4 |
| TOP OF THE 9TH |
|
Kane County Cougars batting - Pitching for Fort Wayne TinCaps : RHP Wayne Kerrick
|
|
Batting: RHB Daniel Rivera
|
0-0: Called Strike 0-1: Swinging Strike 0-2: Foul Ball, location: 2F 0-2: Strikes out swinging
|
|
Batting: RHB Cesar Rendon
|
0-0: Called Strike 0-1: Foul Ball, location: 2F 0-2: Strikes out swinging
|
|
Batting: RHB Jeremy Adams
|
0-0: SINGLE (Groundball, 34D, EV 107.5 MPH)
|
|
Batting: RHB John Ricketts
|
0-0: Ball 1-0: Foul Ball, location: 2F 1-1: Foul Ball, location: 2F 1-2: Ball 2-2: TRIPLE (Line Drive, 89XD, EV 110.6 MPH) Jeremy Adams scores
|
|
Pitching: LHP Manny Santiago
|
|
|
Pinch Hitting: RHB Longfellow Wetzler
|
0-0: Swinging Strike 0-1: Ground out U3 (Groundball, 3, EV 105.0 MPH)
|
| Top of the 9th over - 1 run, 2 hits, 0 errors, 1 left on base; Kane County 1 - Fort Wayne 4 |
|